AoeStats
← jimmythejalapeno

Arena

506299451Analyzed
3v3 RM · 19d ago on Sep 13, 2026· 57m 10s· 6 players
Game mode
Random Map
Map size
Normal (6 player)
Population
200
Speed
Normal
Resources
Standard
Victory
Conquest
Starting age
Dark Age
Ending age
Imperial Age
RankedLock teamsTeams togetherTeam positionsShared explorationLock speedFull tech treeHidden civsTurbo modeCheats
Victory
Defeat
🇺🇸 Magyars · United States
1251
+10
🇨🇦 Burgundians · Canada
1126
+15
🇨🇦 Byzantines · Canada
1011
+20
🇺🇸 Koreans · United States
1152
-17
🇺🇸 Bohemians · United States
1113
-15
🇺🇸 Franks · United States
1057
-13
JIMBO
10:56 Feudal Age
13:32 Double-Bit Axe
17:37 Castle Age
23:10 Wagenburg Tactics
25:18 Wheelbarrow
28:07 Hand Cart
28:34 Horse Collar
29:09 Bow Saw
30:10 Heavy Plow
35:14 Imperial Age
32:26 Pikeman
33:10 Scale Mail Armor
33:34 Squires
35:40 Chain Mail Armor
35:36 Forging
36:39 Halberdier
37:54 Plate Mail Armor
39:31 Elite Hussite Wagon
41:43 Two-Man Saw
42:53 Chemistry
43:34 Conscription
44:11 Iron Casting
47:15 Houfnice
juiceica
11:20 Feudal Age
17:57 Castle Age
18:36 Double-Bit Axe
19:29 Husbandry
19:39 Scale Barding Armor
21:37 Bow Saw
22:17 Chain Barding Armor
26:20 Forging
29:30 Wheelbarrow
32:10 Iron Casting
34:17 Hand Cart
36:42 Imperial Age
37:02 Cavalier
38:33 Plate Barding Armor
39:13 Paladin
40:55 Blast Furnace
46:43 Capped Ram
57:37 Conscription
Dolisaurus
11:09 Feudal Age
15:27 Castle Age
13:30 Double-Bit Axe
14:38 Gold Mining
15:33 Horse Collar
19:19 Loom
20:43 Fletching
27:45 Bodkin Arrow
32:52 Scale Mail Armor
34:09 Chain Mail Armor
41:13 Ballistics
47:15 Squires
jimmythejalapeno
9:58 Feudal Age
11:19 Loom
14:30 Castle Age
14:14 Stone Mining
18:45 Gold Mining
21:07 Double-Bit Axe
23:53 Scale Barding Armor
24:27 Bow Saw
25:51 Wheelbarrow
24:59 Horse Collar
30:09 Imperial Age
30:51 Hand Cart
31:26 Chain Barding Armor
33:06 Conscription
33:37 Plate Barding Armor
33:45 Herbal Medicine
34:54 Hand Cart
38:21 Gold Shaft Mining
37:58 Elite Magyar Huszar
41:14 Pikeman
44:17 Fletching
44:27 Padded Archer Armor
45:32 Two-Man Saw
44:28 Halberdier
45:14 Scale Mail Armor
45:11 Bodkin Arrow
45:42 Caravan
46:42 Corvinian Army
50:20 Heavy Cavalry Archer
51:26 Parthian Tactics
51:59 Thumb Ring
52:48 Chain Mail Armor
53:50 Bracer
57:09 Ballistics
57:49 Chemistry
gladator77
10:13 Feudal Age
11:46 Horse Collar
11:53 Double-Bit Axe
12:05 Loom
19:54 Castle Age
18:56 Forging
19:30 Scale Mail Armor
20:25 Scale Barding Armor
20:44 Heavy Plow
20:57 Bow Saw
20:45 Pikeman
22:53 Iron Casting
23:51 Squires
29:50 Chain Mail Armor
31:19 Chain Barding Armor
33:05 Gold Mining
38:49 Imperial Age
36:59 Husbandry
39:25 Cavalier
40:48 Plate Mail Armor
42:09 Two-Man Saw
41:43 Crop Rotation
42:03 Plate Barding Armor
44:00 Gold Shaft Mining
45:40 Caravan
45:27 Paladin
50:13 Elite Skirmisher
50:59 Thumb Ring
51:00 Padded Archer Armor
50:50 Fletching
52:39 Ballistics
55:28 Chemistry
55:54 Leather Archer Armor
57:54 Conscription
Captain Kanundrum
4:10 Double-Bit Axe
11:19 Feudal Age
9:52 Horse Collar
11:17 Gold Mining
16:56 Castle Age
16:10 Scale Barding Armor
17:30 Forging
17:51 Husbandry
23:53 Heavy Plow
24:04 Bow Saw
24:32 Gold Shaft Mining
26:08 Wheelbarrow
25:19 Loom
26:42 Stone Mining
28:36 Crop Rotation
29:54 Chain Barding Armor
30:09 Iron Casting
29:22 Cavalier
32:48 Imperial Age
30:36 Hand Cart
30:10 Town Watch
32:29 Stone Shaft Mining
32:58 Two-Man Saw
34:10 Plate Barding Armor
34:36 Blast Furnace
34:45 Chemistry
39:05 Block Printing
39:02 Redemption
39:34 Conscription
39:51 Hoardings
39:58 Fletching
40:44 Ballistics
41:15 Bodkin Arrow
44:08 Paladin
51:11 Burgundian Vineyards
52:52 Light Cavalry
56:51 Herbal Medicine
Connection lost

Rejoining the realm…

Still unreachable

The connection could not be restored.

Session expired

The server has moved on; the page needs a fresh start.